 Dungeon Crawl Stone Soup version 0.31-a0-672-g7da72447bb (webtiles) character file.

Game seed: 2390681108092758148

205 demibob the Poker (level 5, -30/41 HPs)
             Began as a Demonspawn Chaos Knight on Sept 5, 2023.
             Was a Plaything of Xom.
             Annihilated by an ogre
             ... wielding a +0 giant club
              (36 damage)
             ... on level 4 of the Dungeon.
             The game lasted 00:03:54 (2814 turns).

demibob the Poker (Demonspawn Chaos Knight)         Turns: 2814, Time: 00:03:55

Health: -30/41     AC:  0    Str: 14      XL:     5   Next: 53%
Magic:  4/4        EV: 11    Int: 14      God:    Xom [......]
Gold:   123        SH:  0    Dex: 10 (12) Spells: 4/4 levels left

rFire   . . .        a - +1 spear (chaos)
rCold   . . .        (no shield)
rNeg    . . .        b - +2 leather armour
rPois   .            (no helmet)
rElec   .            (no cloak)
rCorr   .            (no gloves)
SInv    .            (no boots)
Will    .....        (no amulet)
Stlth   +            (no ring)
HPRegen 0.00/turn    (no ring)
MPRegen 0.09/turn

%: no passive effects
@: lethally poisoned (-30 -> -35), corroded, inhibited regen
A: hooves 2, molten scales 1, demonic magic 1, low MP 1, inhibited regeneration
a: Renounce Religion


You were on level 4 of the Dungeon.
You worshipped Xom.
You were a very special plaything of Xom.
You visited 1 branch of the dungeon, and saw 4 of its levels.

You collected 145 gold pieces.
You spent 22 gold pieces at shops.


Innate Abilities, Weirdness & Mutations

You have hoof-like feet.
You are partially covered in molten scales. (AC +2)
Spells you cast may paralyse adjacent enemies.
Your magical capacity is low. (-10% MP)
You do not regenerate when monsters are visible.


   Skills:
 - Level 3.0 Fighting
 + Level 5.7 Polearms
 - Level 1.7 Armour
 - Level 0.8 Dodging


You had 4 spell levels left.
You didn't know any spells.
Your spell library contained the following spells:

 Spells                   Type           Power      Damage    Failure   Level
 Sandblast                Erth           0%         2d4       34%         1
 Passwall                 Tmut/Erth      0%         N/A       47%         2
 Ignite Poison            Fire/Tmut/Pois 0%         N/A       71%         3
 Stone Arrow              Conj/Erth      0%         3d7       71%         3
 Sticky Flame             Conj/Fire      0%         2d3       98%         4
 Ignition                 Fire           0%         3d3       100%        8

Inventory:

Hand Weapons
 a - a +1 spear of chaos (weapon)
Armour
 b - a +2 leather armour (worn)
 e - a +0 pair of boots
 i - a +0 helmet
Jewellery
 h - an amulet of faith {!P}
 F - a ring of protection from fire
 I - a +6 ring of intelligence
Scrolls
 d - 6 scrolls of identify {@r1}
Potions
 f - 3 potions of enlightenment
 g - a potion of curing {@q1}

Dungeon Overview and Level Annotations

Branches:
Dungeon (4/15)
 Temple: D:4-7

Altars:
Ru

Shops:
D:1 * D:4

( #......# #. #......#
#. ###......#### #.
#.+..........
######.#####.#..5....[..
........#..b.....##.....
........#.....#####.....
........#.....# #.....
.......@#..b..# #....b
........O4....# #....4
........#.....# #.....
....$...#.....# #.....
#########.....# #.....
####### #..... ######


You could see a rust devil (summoned) and an ogre.


Message History

The goblin shouts!
The ogre shouts! "Have a taste of chaos, mortal."
The goblin's +0 club erupts in a glittering mayhem of colour.
The rust devil hits your butterfly!
Your butterfly dies!
Your butterfly disappears in a burst of colours!
Found 12 gold pieces.
Your butterfly disappears in a burst of colours!
The ogre closely misses your butterfly.
The ice devil disappears in a puff of smoke!
The ogre barely misses you. The rust devil hits you.
* * * LOW HITPOINT WARNING * * *
The rust devil corrodes you!
The goblin hits you with a +1 club of chaos.
* * * LOW HITPOINT WARNING * * *
You are poisoned.
The rust devil attacks as it pursues you!
The rust devil hits you!
* * * LOW HITPOINT WARNING * * *
The rust devil corrodes you!
* * * LOW HITPOINT WARNING * * *
You feel sick.
Your butterfly disappears in a burst of colours!
There is an open door here.
* * * LOW HITPOINT WARNING * * *
You feel sick.
The ogre hits you with a +0 giant club!!!
Ouch! That really hurt!
You die...
Xom cackles wildly!

Skill      XL: |  1  2  3  4 |
---------------+-------------+-----
Polearms       | 3 4 5 |  5.7
Fighting       | |  3.0
Armour         | |  1.7
Dodging        | |  0.8

Action                     |  1- 3 |  4- 6 || total
---------------------------+-------+-------++-------
  Melee: Spear             |   136 |    55 ||   191
         Kick              |       |     6 ||     6
         Punch             |       |     2 ||     2
    Use: Scroll            |     2 |     3 ||     5
         Potion            |       |     4 ||     4
   Stab: Paralysed         |     2 |       ||     2
         Sleeping          |     1 |     2 ||     3
         Petrifying        |     1 |       ||     1
 Armour: Leather armour    |    39 |    11 ||    50
         Skin              |       |    22 ||    22
  Dodge: Dodged            |    42 |    10 ||    52

Levels and vault maps discovered:
D:1:      evilmike_arrival_plus, layout_loops_cross, serial_shops,
          nicolae_shop_rolling_square, serial_bayou_lagoon_b
D:2:      layout_basic, minmay_distorted, uniq_robin
D:3:      layout_basic, hex_medium
D:4:      layout_basic, nicolae_ru_awakened_eye, nicolae_stop_n_shop_1,
          uniq_natasha

Notes
Turn   | Place    | Note
-------+----------+-------------------------------------------
     0 | D:1      | demibob the Demonspawn Chaos Knight began the quest for the
                  | Orb.
     0 | D:1      | Reached XP level 1. HP: 18/18 MP: 1/1
    89 | D:1      | Reached skill level 3 in Polearms
   225 | D:1      | Gained mutation: Spells you cast may paralyse adjacent
                  | enemies. [demonic ancestry]
   225 | D:1      | Reached XP level 2. HP: 24/24 MP: 2/2
   283 | D:1      | Found Wina's Assorted Antiques.
   289 | D:1      | Bought a scroll labelled ACWOXO PYNIM for 22 gold pieces
   304 | D:1      | You fall into a shaft and drop 1 floor!
   945 | D:2      | XOM: god gift: bubbling pink potion {god gift}
  1086 | D:2      | HP: 2/24 [worm (5)]
  1296 | D:2      | Gained mutation: You are partially covered in molten
                  | scales. (AC +2) [demonic ancestry]
  1296 | D:2      | Reached XP level 3. HP: 29/29 MP: 3/3
  1298 | D:2      | Noticed Robin
  1315 | D:2      | Killed Robin
  1316 | D:2      | Reached skill level 4 in Polearms
  1491 | D:2      | Identified the staff "Qenuone" {rF- Str+5 Dex+3 Earth}
  1547 | D:2      | Gained mutation: You have large cloven feet. [demonic
                  | ancestry]
  1547 | D:2      | Reached XP level 4. HP: 35/35 MP: 4/4
  1608 | D:2      | XOM: noise
  1680 | D:2      | XOM: give mutations
  1680 | D:2      | Gained mutation: You have hoof-like feet. [Xom's mischief]
  1680 | D:2      | Gained mutation: You are dopey. (Int -2) [Xom's mischief]
  1680 | D:2      | Gained mutation: You do not regenerate when monsters are
                  | visible. [Xom's mischief]
  1680 | D:2      | Gained mutation: Your magical capacity is low. (-10% MP)
                  | [Xom's mischief]
  1780 | D:3      | XOM: 2-stop teleportation journey
  2157 | D:3      | XOM: give mutation
  2157 | D:3      | Lost mutation: You are dopey. (Int -2) [Xom's mischief]
  2371 | D:4      | Found Apada's Weapon Shoppe.
  2470 | D:4      | Noticed an ice beast
  2477 | D:4      | XOM: chaos cloud
  2478 | D:4      | Paralysed by you for 2 turns
  2486 | D:4      | Killed an ice beast
  2487 | D:4      | Reached skill level 5 in Polearms
  2487 | D:4      | Reached XP level 5. HP: 41/41 MP: 4/4
  2506 | D:4      | XOM: summons 3 hostile demons
  2507 | D:4      | Noticed a chaos spawn
  2507 | D:4      | Noticed a rust devil
  2769 | D:4      | Noticed an ogre
  2770 | D:4      | XOM: torment (22/41 hp)
  2772 | D:4      | XOM: summons 3 hostile demons
  2773 | D:4      | Noticed an ice devil
  2773 | D:4      | Noticed a rust devil
  2786 | D:4      | Found a sacrificial altar of Ru.
  2805 | D:4      | Noticed an ogre
  2805 | D:4      | XOM: chaos upgrade
  2814 | D:4      | Annihilated by an ogre

Vanquished Creatures
  An ice beast (D:4)
  A jelly (D:4)
  Robin (D:2)
  An adder (D:2)
  A worm (D:2)
  A dart slug (D:2)
  3 orcs (D:3)
  5 endoplasms
  A giant cockroach (D:1)
  10 goblins
  8 hobgoblins
  5 quokkas
  3 ball pythons
  5 bats
  3 frilled lizards
  A kobold (D:1)
  2 rats (D:2)
52 creatures vanquished.

Table legend: (Time is in decaauts)
 A = Elapsed time spent in this place.
 B = Non-inter-level travel time spent in this place.
 C = Inter-level travel time spent in this place.
 D = Time resting spent in this place.
 E = Time spent auto-exploring this place.
 F = Levels seen in this place.
 G = Mean time per level.
                   A        B        C        D        E       F      G
               +--------+--------+--------+--------+--------+-----+--------+
         Total |   2808 |   2663 |    145 |    161 |   2100 |   4 |  702.0 |
       Dungeon |   2808 |   2663 |    145 |    161 |   2100 |   4 |  702.0 |
               +--------+--------+--------+--------+--------+-----+--------+

Top non-repeatable levels by time:
     D:2: 897 daAuts
     D:1: 811 daAuts
     D:3: 674 daAuts
     D:4: 425 daAuts

Table legend:
 A = Non-vault XP
 B = Vault XP
 C = Vault XP percentage of total XP
 D = Non-vault monster count
 E = Vault monster count
 F = Vault count percentage of total count
                 A         B        C        D         E       F
            +---------+---------+-------+---------+---------+-------
      Total |     250 |      44 |  15.0 |      37 |      15 |  28.8
            +---------+---------+-------+---------+---------+-------
        D:1 |      22 |       0 |   0.0 |      13 |       0 |   0.0
        D:2 |      32 |      44 |  57.9 |      11 |      15 |  57.7
        D:3 |      21 |       0 |   0.0 |      10 |       0 |   0.0
        D:4 |     175 |       0 |   0.0 |       3 |       0 |   0.0
            +---------+---------+-------+---------+---------+-------
